AoeStats
← TheRemover

Arena

510747340Analyzed
1v1 RM · 13h ago on Oct 2, 2026· 43m 30s· 2 players
Game mode
Random Map
Map size
Tiny (2 player)
Population
200
Speed
Normal
Resources
Standard
Victory
Conquest
Starting age
Dark Age
Ending age
Imperial Age
RankedLock teamsTeams togetherTeam positionsShared explorationLock speedFull tech treeHidden civsTurbo modeCheats
Victory
Defeat
🇨🇱 Poles · Chile
1086
+16
🇺🇸 Portuguese · United States
1082
-16
peteben24
0:59 Loom
12:14 Feudal Age
13:07 Horse Collar
16:52 Castle Age
15:09 Double-Bit Axe
18:11 Bow Saw
23:02 Forging
23:45 Scale Barding Armor
24:12 Heavy Plow
26:19 Iron Casting
26:15 Chain Barding Armor
28:28 Scale Mail Armor
29:32 Chain Mail Armor
30:09 Husbandry
30:20 Bloodlines
30:12 Pikeman
33:55 Imperial Age
34:06 Crossbowman
38:49 Plate Barding Armor
40:41 Arbalester
41:44 Ballistics
42:42 Chemistry
42:59 Fletching
43:47 Bodkin Arrow
TheRemover
10:06 Loom
12:32 Feudal Age
16:09 Castle Age
17:30 Double-Bit Axe
17:31 Horse Collar
22:33 Wheelbarrow
28:49 Imperial Age
27:59 Bloodlines
28:08 Hand Cart
28:23 Husbandry
28:30 Scale Barding Armor
28:33 Stone Mining
28:39 Gold Mining
28:29 Light Cavalry
30:12 Bow Saw
30:27 Forging
31:17 Chain Barding Armor
32:15 Iron Casting
34:47 Blast Furnace
34:41 Winged Hussar
36:32 Conscription
36:38 Scale Mail Armor
38:46 Chain Mail Armor
41:59 Lechitic Legacy
42:19 Town Watch
Connection lost

Rejoining the realm…

Still unreachable

The connection could not be restored.

Session expired

The server has moved on; the page needs a fresh start.